[Event "47th GER-ch Blitz 2020"]
[Site "Magdeburg"]
[Date "2020.08.15"]
[Round "22.6"]
[White "Holtel, Jasper"]
[Black "Kopylov, Michael"]
[Result "0-1"]
[ECO "B03"]
[WhiteElo "2305"]
[BlackElo "2407"]
[Annotator "RC"]
[PlyCount "96"]
[EventDate "2020.07.28"]
[EventType "tourn"]
[EventCountry "GER"]
[SourceTitle "playchess.com"]
[Source "ChessBase"]
[SourceQuality "1"]
[TimeControl "180+2"]

1. e4 Nf6 2. e5 Nd5 3. d4 d6 4. exd6 cxd6 5. c4 Nf6 6. Nc3 g6 7. h3 Bg7 8. Nf3 O-O 9. Be2 Nc6 10. O-O d5 11. c5 b6 12. Bb5 Bd7 13. Bxc6 Bxc6 14. b4 bxc5 15. bxc5 Ne4 16. Nxe4 dxe4 17. Ne5 Bd5 18. Be3 Qa5 19. Qc2 Rfd8 20. Rfb1 Qa6 21. Rb2 f6 22. Ng4 h5 23. Nh2 f5 24. Rd1 e5 25. dxe5 Bxe5 26. Bd4 Qf6 27. Bxe5 Qxe5 28. Nf1 f4 29. c6 Rac8 30. Rb5 Qe6 31. c7 Rd7 32. Rc5 Kh7 33. a3 e3 34. fxe3 fxe3 35. Qe2 Rcxc7 36. Rxc7 Rxc7 37. Qxe3 Rc2 38. Qxe6 Bxe6 39. Ne3 Ra2 40. Rd3 Kg7 41. Rc3 Kf6 42. Kh2 Ke5 43. Kg3 Kd4 44. Nd1 Rd2 45. Re3 Bd5 46. Re1 Rxg2+ 47. Kh4 Bf3 48. Ne3 g5# 0-1

[Event "47th GER-ch Blitz 2020"]
[Site "Magdeburg"]
[Date "2020.08.15"]
[Round "22.7"]
[White "Langrock, Hannes"]
[Black "Hess, Max"]
[Result "0-1"]
[ECO "E69"]
[WhiteElo "2346"]
[BlackElo "2378"]
[Annotator "RC"]
[PlyCount "94"]
[EventDate "2020.07.28"]
[EventType "tourn"]
[EventCountry "GER"]
[SourceTitle "playchess.com"]
[Source "ChessBase"]
[SourceQuality "1"]
[TimeControl "180+2"]

1. d4 Nf6 2. c4 g6 3. g3 Bg7 4. Bg2 O-O 5. Nc3 d6 6. Nf3 Nbd7 7. O-O e5 8. e4 c6 9. h3 Qa5 10. Re1 exd4 11. Nxd4 Ne5 12. Bf1 Be6 13. Nxe6 fxe6 14. Kg2 Rad8 15. f4 Nf7 16. Be3 e5 17. Qd2 exf4 18. gxf4 Rde8 19. Bd3 Nh5 20. Rf1 Qd8 21. Rae1 Bh6 22. Be2 Qh4 23. Bxh5 Qxh5 24. Qe2 Qa5 25. Qg4 Bg7 26. Bd2 Qb4 27. Qe2 Qxb2 28. Rb1 Qa3 29. Rxb7 Bxc3 30. Rb3 Qxa2 31. Rxc3 Re7 32. Qd3 Rfe8 33. Rc2 Qa6 34. Re1 Qb7 35. Bc3 c5 36. Rce2 Qd7 37. Ba1 d5 38. cxd5 Nd6 39. Qc3 Rf8 40. Qh8+ Kf7 41. Qxh7+ Ke8 42. e5 Rxh7 43. exd6+ Kd8 44. Be5 Qxh3+ 45. Kf2 g5 46. Rb1 Rxf4+ 47. Bxf4 gxf4 0-1

[Event "47th GER-ch Blitz 2020"]
[Site "Magdeburg"]
[Date "2020.08.15"]
[Round "22.8"]
[White "Siebrecht, Sebastian"]
[Black "Siebarth, Raiko"]
[Result "0-1"]
[ECO "E73"]
[WhiteElo "2429"]
[BlackElo "2333"]
[Annotator "ChessBase"]
[PlyCount "68"]
[EventDate "2020.07.28"]
[EventType "tourn"]
[EventCountry "GER"]
[SourceTitle "playchess.com"]
[Source "ChessBase"]
[SourceQuality "1"]
[TimeControl "180+2"]

1. c4 g6 2. Nc3 Bg7 3. d4 d6 4. e4 Nf6 5. Be2 O-O 6. g4 Nfd7 7. h4 c5 8. d5 Qa5 9. h5 b5 10. cxb5 a6 11. b6 Qxb6 12. hxg6 fxg6 13. Nf3 Ne5 14. Ng5 c4 15. f4 h6 16. Ne6 Bxe6 17. dxe6 Nec6 18. f5 g5 19. Bxc4 Ne5 20. Qe2 Nbc6 21. Be3 Nd4 22. Bxd4 Qxd4 23. Bd5 Rab8 24. Rd1 Qb4 25. Rd2 Qc5 26. Kd1 Rfc8 27. Kc1 Rxb2 28. Rxb2 Qxc3+ 29. Kb1 Nd3 30. Qc2 Qxb2+ 31. Qxb2 Nxb2 32. Rh3 Na4 33. Rb3 Nc3+ 34. Kc2 Nxd5+ 0-1

[Event "47th GER-ch Blitz 2020"]
[Site "Magdeburg"]
[Date "2020.08.15"]
[Round "22.10"]
[White "Ehmann, Thilo"]
[Black "Svane, Frederik"]
[Result "0-1"]
[ECO "B27"]
[WhiteElo "2329"]
[BlackElo "2421"]
[Annotator "ChessBase"]
[PlyCount "64"]
[EventDate "2020.07.28"]
[EventType "tourn"]
[EventCountry "GER"]
[SourceTitle "playchess.com"]
[Source "ChessBase"]
[SourceQuality "1"]
[TimeControl "180+2"]

1. e4 c5 2. Nf3 g6 3. h4 h5 4. Nc3 Bg7 5. Ng5 Nc6 6. d3 d6 7. Be2 Nf6 8. Bf4 Nd4 9. Qd2 Ne6 10. Nxe6 Bxe6 11. f3 Rb8 12. d4 cxd4 13. Qxd4 a6 14. O-O-O Qa5 15. g4 hxg4 16. fxg4 Nh5 17. Qe3 Nxf4 18. Qxf4 Bxc3 19. bxc3 Qxc3 20. Rhf1 Rxh4 21. Bd3 Rc8 22. Qg3 Rh8 23. g5 Bxa2 24. Rf3 Bc4 25. Bxc4 Qxc4 26. Qf2 Qxe4 27. Rdd3 Rh1+ 28. Kb2 Qe5+ 29. c3 Qb5+ 30. Kc2 Qb1+ 31. Kd2 Rd1+ 32. Ke2 Qc2+ 0-1

[Event "47th GER-ch Blitz 2020"]
[Site "Magdeburg"]
[Date "2020.08.15"]
[Round "22.11"]
[White "Baskin, Robert"]
[Black "Reichmann, Hendrik"]
[Result "1-0"]
[ECO "B06"]
[WhiteElo "2390"]
[BlackElo "2348"]
[Annotator "ChessBase"]
[PlyCount "51"]
[EventDate "2020.07.28"]
[EventType "tourn"]
[EventCountry "GER"]
[SourceTitle "playchess.com"]
[Source "ChessBase"]
[SourceQuality "1"]
[TimeControl "180+2"]

1. e4 g6 2. d4 Bg7 3. Nc3 d6 4. f4 a6 5. Nf3 Nd7 6. Bd3 c5 7. dxc5 Nxc5 8. Be3 Nf6 9. Bxc5 dxc5 10. e5 Ng4 11. Qe2 O-O 12. O-O-O Qa5 13. h3 Nh6 14. g4 Qb4 15. Nd5 Qa4 16. Kb1 Be6 17. b3 Qa5 18. Nxe7+ Kh8 19. f5 c4 20. Bxc4 Bxc4 21. Qxc4 gxf5 22. gxf5 Rfe8 23. f6 Rxe7 24. fxe7 Re8 25. Rd7 Nf5 26. Qxf7 1-0

[Event "47th GER-ch Blitz 2020"]
[Site "Magdeburg"]
[Date "2020.08.15"]
[Round "23.3"]
[White "Koch, Thomas"]
[Black "Zelbel, Patrick"]
[Result "1/2-1/2"]
[ECO "A63"]
[WhiteElo "2461"]
[BlackElo "2448"]
[Annotator "ChessBase"]
[PlyCount "21"]
[EventDate "2020.07.28"]
[EventType "tourn"]
[EventCountry "GER"]
[SourceTitle "playchess.com"]
[Source "ChessBase"]
[SourceQuality "1"]
[TimeControl "180+2"]

1. d4 Nf6 2. c4 e6 3. Nf3 c5 4. d5 exd5 5. cxd5 d6 6. g3 g6 7. Bg2 Bg7 8. O-O O-O 9. Nc3 Nbd7 10. Nd2 Nh5 11. Nc4 1/2-1/2

[Event "47th GER-ch Blitz 2020"]
[Site "Magdeburg"]
[Date "2020.08.15"]
[Round "23.11"]
[White "Berger, Steve"]
[Black "Holtel, Jasper"]
[Result "1-0"]
[ECO "B02"]
[WhiteElo "2408"]
[BlackElo "2305"]
[Annotator "RC"]
[PlyCount "87"]
[EventDate "2020.07.28"]
[EventType "tourn"]
[EventCountry "GER"]
[SourceTitle "playchess.com"]
[Source "ChessBase"]
[SourceQuality "1"]
[TimeControl "180+2"]

1. e4 Nf6 2. e5 Nd5 3. Nc3 Nxc3 4. dxc3 d6 5. Bf4 g6 6. Qd2 Bg7 7. O-O-O O-O 8. Nf3 Nc6 9. Bh6 dxe5 10. Qe3 Qe8 11. Bxg7 Kxg7 12. Nxe5 Nxe5 13. Qxe5+ Kg8 14. Qxc7 Qa4 15. Bc4 Bf5 16. Bb3 Qh4 17. g3 Qf6 18. Rhe1 e6 19. Qf4 g5 20. Qf3 Qh6 21. g4 Bg6 22. h3 a5 23. a4 b5 24. Re5 bxa4 25. Bxa4 Rab8 26. Rxa5 Rfc8 27. Ra7 Qf8 28. Bb3 Qc5 29. Rdd7 Rf8 30. Qf6 Qb5 31. c4 Qb4 32. Qc3 Qb6 33. c5 Qc6 34. f3 Qc8 35. Bxe6 Qc6 36. Bd5 Qb5 37. Bc4 Qc6 38. b4 Rbe8 39. b5 Qc8 40. c6 Qb8 41. Qf6 Qh2 42. Rxf7 Qg1+ 43. Kb2 Bxf7 44. Bxf7+ 1-0

[Event "47th GER-ch Blitz 2020"]
[Site "Magdeburg"]
[Date "2020.08.15"]
[Round "23.12"]
[White "Schoewel, Matthias"]
[Black "Voege, Tobias"]
[Result "0-1"]
[ECO "B30"]
[WhiteElo "2218"]
[BlackElo "2326"]
[Annotator "ChessBase"]
[PlyCount "78"]
[EventDate "2020.07.28"]
[EventType "tourn"]
[EventCountry "GER"]
[SourceTitle "playchess.com"]
[Source "ChessBase"]
[SourceQuality "1"]
[TimeControl "180+2"]

1. e4 c5 2. Nf3 Nc6 3. Nc3 g6 4. d3 Bg7 5. Be3 d6 6. Qd2 e5 7. Be2 Nd4 8. Bd1 a6 9. a4 Rb8 10. O-O b5 11. axb5 axb5 12. h3 Ne7 13. Bh6 O-O 14. Nh2 f5 15. Bxg7 Kxg7 16. exf5 gxf5 17. Ne2 Bb7 18. c3 Nxe2+ 19. Bxe2 Kh8 20. Kh1 Ng6 21. Bf3 e4 22. dxe4 fxe4 23. Bg4 Nf4 24. Qe3 Qf6 25. Ra7 Ba8 26. b4 h5 27. Bd1 cxb4 28. cxb4 d5 29. Rxa8 Rxa8 30. Bb3 Rae8 31. Rd1 Nd3 32. f3 d4 33. Qd2 Qf4 34. Qxf4 Rxf4 35. fxe4 Nf2+ 36. Kg1 Nxd1 37. Bxd1 Rfxe4 38. Bf3 Re1+ 39. Kf2 d3 0-1

[Event "47th GER-ch Blitz 2020"]
[Site "Magdeburg"]
[Date "2020.08.15"]
[Round "24.3"]
[White "Weller, Manuel"]
[Black "Krause, Benedict"]
[Result "1/2-1/2"]
[ECO "A37"]
[WhiteElo "2237"]
[BlackElo "2425"]
[Annotator "ChessBase"]
[PlyCount "26"]
[EventDate "2020.07.28"]
[EventType "tourn"]
[EventCountry "GER"]
[SourceTitle "playchess.com"]
[Source "ChessBase"]
[SourceQuality "1"]
[TimeControl "180+2"]

1. c4 g6 2. g3 Bg7 3. Bg2 c5 4. Nf3 Nc6 5. Nc3 e6 6. d4 cxd4 7. Nb5 d5 8. cxd5 exd5 9. O-O Nge7 10. Bf4 O-O 11. Nc7 Rb8 12. Nb5 Ra8 13. Nc7 Rb8 1/2-1/2

[Event "47th GER-ch Blitz 2020"]
[Site "Magdeburg"]
[Date "2020.08.15"]
[Round "24.5"]
[White "Holtel, Jasper"]
[Black "Schoewel, Matthias"]
[Result "1-0"]
[ECO "C50"]
[WhiteElo "2305"]
[BlackElo "2218"]
[Annotator "ChessBase"]
[PlyCount "69"]
[EventDate "2020.07.28"]
[EventType "tourn"]
[EventCountry "GER"]
[SourceTitle "playchess.com"]
[Source "ChessBase"]
[SourceQuality "1"]
[TimeControl "180+2"]

1. e4 e5 2. Nf3 Nc6 3. Bc4 Be7 4. O-O Nf6 5. Re1 O-O 6. d3 d6 7. a4 Bg4 8. h3 Be6 9. Nbd2 Qd7 10. c3 Bxc4 11. Nxc4 h6 12. a5 a6 13. Qb3 Rab8 14. Ne3 Kh7 15. Nf5 Bd8 16. Qc2 Ne7 17. Nxe7 Bxe7 18. d4 exd4 19. e5+ g6 20. exf6 Bxf6 21. Nxd4 c5 22. Nf3 d5 23. Bf4 Rbd8 24. Rad1 Qb5 25. Be5 Bxe5 26. Rxe5 Qc6 27. Qd3 d4 28. cxd4 cxd4 29. Re4 Rd5 30. Rxd4 Rxa5 31. Rd6 Qc7 32. Rd7 Qb6 33. Qb1 Rb5 34. R1d6 Qc5 35. Qxg6+ 1-0

[Event "47th GER-ch Blitz 2020"]
[Site "Magdeburg"]
[Date "2020.08.15"]
[Round "24.8"]
[White "Braun, Georg"]
[Black "Hess, Max"]
[Result "1-0"]
[ECO "B47"]
[WhiteElo "2360"]
[BlackElo "2378"]
[Annotator "ChessBase"]
[PlyCount "123"]
[EventDate "2020.07.28"]
[EventType "tourn"]
[EventCountry "GER"]
[SourceTitle "playchess.com"]
[Source "ChessBase"]
[SourceQuality "1"]
[TimeControl "180+2"]

1. e4 c5 2. Nf3 e6 3. d4 cxd4 4. Nxd4 Nc6 5. Nc3 Qc7 6. g3 a6 7. Bg2 Nf6 8. O-O Nxd4 9. Qxd4 Bc5 10. Bf4 d6 11. Qd2 h6 12. Rad1 e5 13. Be3 Be6 14. Bxc5 dxc5 15. Nd5 Bxd5 16. exd5 Qd6 17. b3 O-O 18. Rfe1 b5 19. c4 Rab8 20. Qc3 Rfe8 21. Re2 b4 22. Qb2 Re7 23. Rde1 Rbe8 24. a4 a5 25. h3 e4 26. Qc2 Qe5 27. Kh2 Qd4 28. Re3 h5 29. f3 h4 30. g4 Qe5+ 31. Kh1 Qf4 32. fxe4 Nd7 33. Rf3 Qh6 34. Rf5 g6 35. Rff1 Ne5 36. Qc1 Qg7 37. Qe3 Rc8 38. Rd1 Rd7 39. Qf4 Rd6 40. Rf2 Rb8 41. Kg1 Rbb6 42. Qg5 Ra6 43. Qxh4 Rf6 44. Rxf6 Rxf6 45. d6 g5 46. Qg3 Nd7 47. Qe3 Rf4 48. Rd5 Qa1+ 49. Kh2 f6 50. Rd2 Qb1 51. Kg3 Kf7 52. h4 Ke6 53. h5 Qc1 54. Rd3 Qc2 55. Qd2 Qb1 56. Qd1 Qb2 57. Qd2 Qb1 58. Qd1 Qb2 59. Rf3 Qe5 60. Qd5+ Qxd5 61. exd5+ Kxd6 62. Rxf4 1-0

[Event "47th GER-ch Blitz 2020"]
[Site "Magdeburg"]
[Date "2020.08.15"]
[Round "24.9"]
[White "Ehmann, Thilo"]
[Black "Siebarth, Raiko"]
[Result "1-0"]
[ECO "B90"]
[WhiteElo "2329"]
[BlackElo "2333"]
[Annotator "ChessBase"]
[PlyCount "197"]
[EventDate "2020.07.28"]
[EventType "tourn"]
[EventCountry "GER"]
[SourceTitle "playchess.com"]
[Source "ChessBase"]
[SourceQuality "1"]
[TimeControl "180+2"]

1. e4 c5 2. Nf3 d6 3. d4 cxd4 4. Nxd4 Nf6 5. Nc3 a6 6. f3 e5 7. Nb3 Be6 8. Be3 Be7 9. Qd2 O-O 10. O-O-O Qc7 11. g4 Nbd7 12. Kb1 Rfc8 13. g5 Nh5 14. Ne2 a5 15. a4 Nb6 16. Nc3 Nc4 17. Bxc4 Qxc4 18. Qd3 Qb4 19. Qb5 Rc4 20. Nd5 Bxd5 21. Rxd5 Qxb5 22. axb5 a4 23. Nd2 Rc7 24. Rd1 a3 25. b3 a2+ 26. Kb2 a1=Q+ 27. Rxa1 Rxa1 28. Kxa1 Rxc2 29. Nc4 Re2 30. Bc1 Re1 31. Kb2 Re2+ 32. Kc3 g6 33. Na5 b6 34. Nc4 Rxh2 35. Nxb6 Ng3 36. Be3 Nf1 37. Bc1 Ng3 38. Kb4 Rc2 39. Be3 Nf1 40. Nc4 Rxc4+ 41. bxc4 Nxe3 42. Rd3 Nc2+ 43. Kc3 Nd4 44. Rd1 Bxg5 45. b6 Bd8 46. b7 Bc7 47. Ra1 Nc6 48. Ra8+ Nb8 49. c5 dxc5 50. Kc4 h5 51. Ra1 g5 52. Kxc5 h4 53. Kd5 Kg7 54. Rc1 Ba5 55. Rc8 Nd7 56. b8=Q Nxb8 57. Rxb8 h3 58. Rb1 Bd2 59. Rh1 Bf4 60. Rxh3 Kg6 61. Rh1 Kg7 62. Kc4 Kg6 63. Kd3 Kg7 64. Ke2 Kg6 65. Kf2 Kg7 66. Kg2 Kg6 67. Kh3 f5 68. Rd1 g4+ 69. fxg4 fxe4 70. Re1 e3 71. Kg2 e4 72. Rg1 Kg5 73. Kf1 Bh2 74. Rg2 Bc7 75. Ke2 Bb6 76. Rg1 Bd4 77. Rd1 Ba7 78. Rd7 Bb6 79. Rg7+ Kf6 80. Rg8 Kf7 81. Rb8 Bc5 82. Rc8 Bd4 83. Rc4 Ba7 84. Rxe4 Kg6 85. Kf3 Kg5 86. Re5+ Kf6 87. Rf5+ Kg6 88. Ra5 Bd4 89. Ra4 Bc5 90. Ra2 Bd4 91. Kf4 Bc5 92. Ra6+ Kg7 93. Re6 Kf7 94. Kf5 Bd4 95. g5 Kf8 96. Re4 Bc5 97. Kf6 Bb6 98. Kg6 Bd8 99. Rxe3 1-0

[Event "47th GER-ch Blitz 2020"]
[Site "Magdeburg"]
[Date "2020.08.15"]
[Round "25.2"]
[White "Koch, Thomas"]
[Black "Frischmann, Rick"]
[Result "0-1"]
[ECO "D07"]
[WhiteElo "2461"]
[BlackElo "2347"]
[Annotator "ChessBase"]
[PlyCount "68"]
[EventDate "2020.07.28"]
[EventType "tourn"]
[EventCountry "GER"]
[SourceTitle "playchess.com"]
[Source "ChessBase"]
[SourceQuality "1"]
[TimeControl "180+2"]

1. d4 d5 2. c4 Nc6 3. Nf3 Bg4 4. cxd5 Bxf3 5. gxf3 Qxd5 6. e3 e5 7. Nc3 Bb4 8. Bd2 Bxc3 9. bxc3 Qd6 10. Qb3 O-O-O 11. Rb1 b6 12. Bg2 Kb8 13. O-O Nge7 14. f4 exf4 15. Qb5 g5 16. c4 g4 17. c5 Qg6 18. cxb6 cxb6 19. exf4 Nxd4 20. Qe5+ Qd6 21. Bb4 Qxe5 22. fxe5 Nc8 23. a4 Nf3+ 24. Kh1 Nxe5 25. a5 Rhe8 26. axb6 axb6 27. Ra1 Nf3 28. Ra3 Re4 29. Bc3 Rd5 30. Rfa1 Rh5 31. h3 Re2 32. Ra8+ Kc7 33. Rc1 Kb7 34. Ra3 Rxf2 0-1

[Event "47th GER-ch Blitz 2020"]
[Site "Magdeburg"]
[Date "2020.08.15"]
[Round "25.4"]
[White "Reichmann, Hendrik"]
[Black "Zelbel, Patrick"]
[Result "1/2-1/2"]
[ECO "D00"]
[WhiteElo "2348"]
[BlackElo "2448"]
[Annotator "ChessBase"]
[PlyCount "65"]
[EventDate "2020.07.28"]
[EventType "tourn"]
[EventCountry "GER"]
[SourceTitle "playchess.com"]
[Source "ChessBase"]
[SourceQuality "1"]
[TimeControl "180+2"]

1. d4 d5 2. Bf4 c5 3. e3 cxd4 4. exd4 Nc6 5. Nc3 a6 6. Nce2 Qb6 7. Rb1 Bf5 8. Ng3 Qxd4 9. Qxd4 Nxd4 10. Nxf5 Nxf5 11. Bd3 g6 12. Ne2 Bg7 13. O-O e6 14. c4 Nge7 15. Nc3 dxc4 16. Bxc4 Rc8 17. Be2 Nd4 18. Bd3 O-O 19. Ne4 e5 20. Bg5 f6 21. Be3 Rfd8 22. Rfd1 Nef5 23. b4 Nxe3 24. fxe3 Nf5 25. Bc4+ Kh8 26. Be6 Rb8 27. Bxf5 gxf5 28. Nd6 Kg8 29. Nxf5 Bf8 30. a3 Kf7 31. Kf2 Rbc8 32. Rbc1 Ke6 33. e4 1/2-1/2

[Event "47th GER-ch Blitz 2020"]
[Site "Magdeburg"]
[Date "2020.08.15"]
[Round "25.5"]
[White "Svane, Frederik"]
[Black "Wichmann, Cliff"]
[Result "1-0"]
[ECO "C05"]
[WhiteElo "2421"]
[BlackElo "2305"]
[Annotator "ChessBase"]
[PlyCount "113"]
[EventDate "2020.07.28"]
[EventType "tourn"]
[EventCountry "GER"]
[SourceTitle "playchess.com"]
[Source "ChessBase"]
[SourceQuality "1"]
[TimeControl "180+2"]

1. e4 e6 2. d4 d5 3. Nd2 Nf6 4. e5 Nfd7 5. f4 c5 6. c3 Nc6 7. Ndf3 Qb6 8. g3 Be7 9. Kf2 O-O 10. Kg2 cxd4 11. cxd4 f6 12. Bd3 Kh8 13. Ne2 Qd8 14. h4 b6 15. Bxh7 Ncxe5 16. dxe5 Kxh7 17. Ng5+ fxg5 18. hxg5+ Kg8 19. g6 d4 20. Nxd4 Bb7+ 21. Kf1 Bg5 22. Nxe6 Qe8 23. Nxg5 Qxg6 24. Qb3+ Rf7 25. Nxf7 Bxh1 26. Ng5+ Kh8 27. Qe6 Qxe6 28. Nxe6 Rc8 29. Bd2 Rc2 30. Ke2 Bd5 31. Nd4 Rxb2 32. e6 Nf6 33. Rc1 Ne4 34. Rc8+ Kh7 35. e7 Bf7 36. e8=Q Bxe8 37. Rxe8 Nxd2 38. Kd3 Nf1 39. Nf5 Rg2 40. Re7 Rxa2 41. Rxg7+ Kh8 42. Rc7 Nxg3 43. Nxg3 Ra3+ 44. Ke4 Rxg3 45. Rxa7 Rb3 46. Kf5 Kg8 47. Kg6 Rg3+ 48. Kf6 Rh3 49. Ra8+ Kh7 50. f5 Rh6+ 51. Ke7 Kg7 52. Ra1 Rh2 53. Rg1+ Kh6 54. f6 Re2+ 55. Kf8 Rf2 56. f7 b5 57. Kg8 1-0

[Event "47th GER-ch Blitz 2020"]
[Site "Magdeburg"]
[Date "2020.08.15"]
[Round "25.6"]
[White "Schneider, Ilja"]
[Black "Barzen, Pascal"]
[Result "1-0"]
[ECO "A45"]
[WhiteElo "2479"]
[BlackElo "2321"]
[Annotator "ChessBase"]
[PlyCount "69"]
[EventDate "2020.07.28"]
[EventType "tourn"]
[EventCountry "GER"]
[SourceTitle "playchess.com"]
[Source "ChessBase"]
[SourceQuality "1"]
[TimeControl "180+2"]

1. d4 Nf6 2. Bg5 d5 3. e3 c6 4. Bd3 Nbd7 5. Nf3 Qc7 6. Nbd2 e6 7. O-O Bd6 8. c4 h6 9. Bh4 g5 10. Bg3 Bxg3 11. hxg3 b6 12. Rc1 Qd6 13. cxd5 cxd5 14. e4 dxe4 15. Nxe4 Qd5 16. Nc3 Qa5 17. Nb5 O-O 18. a3 Qa6 19. Nc7 Qb7 20. Nxa8 Qxa8 21. Ne5 Qb8 22. Nc6 Qa8 23. Ne7+ Kg7 24. Nxc8 Rxc8 25. Qf3 Nd5 26. Be4 N7f6 27. Bxd5 Nxd5 28. Qd3 Qb7 29. Rc2 Rd8 30. Rfc1 Rd7 31. Qe4 Qa6 32. Qe5+ Nf6 33. Rc7 Qa4 34. Rxd7 Qxd7 35. Rc7 1-0

[Event "47th GER-ch Blitz 2020"]
[Site "Magdeburg"]
[Date "2020.08.15"]
[Round "25.7"]
[White "Siebarth, Raiko"]
[Black "Baskin, Robert"]
[Result "0-1"]
[ECO "A10"]
[WhiteElo "2333"]
[BlackElo "2390"]
[Annotator "ChessBase"]
[PlyCount "170"]
[EventDate "2020.07.28"]
[EventType "tourn"]
[EventCountry "GER"]
[SourceTitle "playchess.com"]
[Source "ChessBase"]
[SourceQuality "1"]
[TimeControl "180+2"]

1. c4 f5 2. Nc3 Nf6 3. g3 g6 4. Bg2 Bg7 5. e3 O-O 6. Nge2 d6 7. d4 c6 8. O-O Na6 9. b3 Qc7 10. Ba3 Bd7 11. Qd2 Rad8 12. Rad1 Qa5 13. Qb2 Nb4 14. Nc1 b5 15. Bxb4 Qxb4 16. Nd3 Qa5 17. c5 b4 18. Na4 Qb5 19. Qd2 Rb8 20. cxd6 exd6 21. Rc1 Ne4 22. Qc2 a5 23. Rfe1 Rbc8 24. Bf1 Qb7 25. Ndb2 Be6 26. Nc4 Qa7 27. f3 Ng5 28. Bg2 Bd5 29. Qf2 Rcd8 30. Ncb6 Bxf3 31. h4 Bxg2 32. Qxg2 Ne4 33. Rxc6 Qe7 34. Nd5 Qf7 35. Nf4 Rfe8 36. Rec1 Nf6 37. Rc7 Rd7 38. Rxd7 Qxd7 39. Nb6 Qf7 40. Nc4 Ne4 41. Nxa5 Qa7 42. Nc4 Bh6 43. Rc2 Kg7 44. Kh2 Rc8 45. g4 Bxf4+ 46. exf4 Qc7 47. Ne3 Qd8 48. Rxc8 Qxc8 49. gxf5 Qc3 50. Qxe4 Qd2+ 51. Ng2 gxf5 52. Qe7+ Kg8 53. Qe6+ Kg7 54. Qxd6 Qxa2 55. Qxb4 Kh6 56. Qd6+ Kh5 57. Qe6 Kg4 58. Qe3 h6 59. Qg3+ Kh5 60. Qf3+ Kg6 61. h5+ Kf6 62. Qc6+ Kf7 63. Qd7+ Kg8 64. Qxf5 Qxb3 65. Qg6+ Kf8 66. Qxh6+ Kg8 67. Qg6+ Kh8 68. Qf6+ Kh7 69. Qf7+ Qxf7 70. Kg3 Qxh5 71. Ne3 Qf7 72. Kf3 Kg7 73. Ke4 Qe6+ 74. Kd3 Kf6 75. f5 Qa6+ 76. Ke4 Kg5 77. Kf3 Qd3 78. d5 Qd4 79. d6 Qxd6 80. Ke4 Qf4+ 81. Kd3 Qa4 82. Ke2 Kf4 83. f6 Qa2+ 84. Kd3 Qb3+ 85. Kd4 Qxe3+ 0-1

[Event "47th GER-ch Blitz 2020"]
[Site "Magdeburg"]
[Date "2020.08.15"]
[Round "25.8"]
[White "Hess, Max"]
[Black "Ehmann, Thilo"]
[Result "1-0"]
[ECO "B20"]
[WhiteElo "2378"]
[BlackElo "2329"]
[Annotator "ChessBase"]
[PlyCount "64"]
[EventDate "2020.07.28"]
[EventType "tourn"]
[EventCountry "GER"]
[SourceTitle "playchess.com"]
[Source "ChessBase"]
[SourceQuality "1"]
[TimeControl "180+2"]

1. e4 c5 2. d3 Nc6 3. g3 g6 4. Bg2 Bg7 5. f4 d6 6. Nf3 e6 7. O-O Nge7 8. c3 O-O 9. Be3 b5 10. d4 cxd4 11. cxd4 d5 12. e5 b4 13. Nbd2 Ba6 14. Re1 Na5 15. Nb3 Nc4 16. Bc1 Bb5 17. Nc5 Nb6 18. g4 Nd7 19. Nb7 Qb6 20. Nd6 Ba6 21. Be3 Nc8 22. Nxc8 Raxc8 23. f5 exf5 24. gxf5 gxf5 25. Nh4 f4 26. Bf2 Qe6 27. Qh5 Bd3 28. Bh3 Qxh3 29. Qg5 Kh8 30. e6 fxe6 31. Qh5 Kg8 32. Qg5 h6 1-0

[Event "47th GER-ch Blitz 2020"]
[Site "Magdeburg"]
[Date "2020.08.15"]
[Round "25.9"]
[White "Kopylov, Michael"]
[Black "Braun, Georg"]
[Result "1-0"]
[ECO "A57"]
[WhiteElo "2407"]
[BlackElo "2360"]
[Annotator "ChessBase"]
[PlyCount "95"]
[EventDate "2020.07.28"]
[EventType "tourn"]
[EventCountry "GER"]
[SourceTitle "playchess.com"]
[Source "ChessBase"]
[SourceQuality "1"]
[TimeControl "180+2"]

1. d4 Nf6 2. c4 c5 3. d5 b5 4. Nf3 bxc4 5. Nc3 d6 6. e4 g6 7. Bxc4 Bg7 8. O-O O-O 9. h3 Nfd7 10. Bf4 Nb6 11. Bb3 Ba6 12. Re1 N8d7 13. e5 dxe5 14. Nxe5 Nxe5 15. Bxe5 c4 16. Ba4 Bb7 17. Bc6 Bxc6 18. Bxg7 Kxg7 19. dxc6 e6 20. a4 Qg5 21. Qd4+ Qf6 22. Qc5 Qf5 23. Re5 Qc2 24. Qd4 Kg8 25. Ne4 Rad8 26. Qc3 Qxc3 27. bxc3 Rd3 28. Rc5 Rc8 29. a5 Nd7 30. Rxc4 Ne5 31. Rc5 Nxc6 32. Rb1 Kg7 33. Rb7 Nd8 34. Rxc8 Nxb7 35. a6 Na5 36. Rc7 Rd1+ 37. Kh2 Re1 38. Ng5 h6 39. Nxf7 Kf6 40. Nd8 Rc1 41. Rxa7 Rxc3 42. Rf7+ Ke5 43. a7 Rc8 44. Nb7 Nc6 45. Nc5 Ra8 46. Nd7+ Kd6 47. Nb6 Rxa7 48. Nc8+ 1-0

[Event "47th GER-ch Blitz 2020"]
[Site "Magdeburg"]
[Date "2020.08.15"]
[Round "25.10"]
[White "Berger, Steve"]
[Black "Siebrecht, Sebastian"]
[Result "1-0"]
[ECO "B06"]
[WhiteElo "2408"]
[BlackElo "2429"]
[Annotator "ChessBase"]
[PlyCount "83"]
[EventDate "2020.07.28"]
[EventType "tourn"]
[EventCountry "GER"]
[SourceTitle "playchess.com"]
[Source "ChessBase"]
[SourceQuality "1"]
[TimeControl "180+2"]

1. e4 g6 2. d4 Bg7 3. Nc3 d6 4. Be3 a6 5. Qd2 b5 6. O-O-O Bb7 7. f3 Nd7 8. g4 Ngf6 9. g5 Nh5 10. Kb1 Rc8 11. Nce2 c5 12. Ng3 Nxg3 13. hxg3 Qc7 14. Rh2 c4 15. c3 a5 16. Bh3 Rb8 17. Bxd7+ Qxd7 18. Ne2 b4 19. Rdh1 d5 20. Rxh7 Rxh7 21. Rxh7 Bf8 22. Bf4 dxe4 23. Bxb8 exf3 24. Nf4 Qf5+ 25. Kc1 Qe4 26. Nh3 Bc8 27. Nf2 Qb7 28. Be5 b3 29. a3 Bf5 30. g4 Bxg4 31. Nxg4 Qe4 32. Nf2 Qf5 33. Rh8 f6 34. gxf6 exf6 35. Bd6 Kd7 36. Bxf8 g5 37. Rg8 Qe6 38. Rg7+ Kd8 39. d5 Qf5 40. d6 Qe6 41. d7 Qe2 42. Be7+ 1-0

[Event "47th GER-ch Blitz 2020"]
[Site "Magdeburg"]
[Date "2020.08.15"]
[Round "25.12"]
[White "Stein, Robert"]
[Black "Holtel, Jasper"]
[Result "1-0"]
[ECO "D71"]
[WhiteElo "2325"]
[BlackElo "2305"]
[Annotator "ChessBase"]
[PlyCount "111"]
[EventDate "2020.07.28"]
[EventType "tourn"]
[EventCountry "GER"]
[SourceTitle "playchess.com"]
[Source "ChessBase"]
[SourceQuality "1"]
[TimeControl "180+2"]

1. d4 Nf6 2. c4 g6 3. g3 c6 4. Bg2 d5 5. Qa4 Bg7 6. cxd5 O-O 7. Nf3 cxd5 8. O-O Nc6 9. Nc3 Ne4 10. Qb3 Nxd4 11. Nxd4 Bxd4 12. Nxd5 Nd6 13. Bh6 Re8 14. Rfd1 Bh8 15. Rac1 Be6 16. Qa3 Bxd5 17. Bxd5 Qb6 18. b3 Rec8 19. Qa4 e6 20. Be3 Rxc1 21. Rxc1 Qd8 22. Bf3 a6 23. Rd1 Qc7 24. Qb4 Nb5 25. Rc1 Bc3 26. Qe4 Qa5 27. a4 Nd6 28. Qd3 Bb4 29. Bd4 Rd8 30. Ba1 Nf5 31. Qe4 Bf8 32. Qxb7 Qd2 33. Rf1 Qa2 34. Bc3 Bg7 35. Bxg7 Kxg7 36. Qxa6 Qxb3 37. e3 h5 38. a5 h4 39. Qb7 Qa2 40. a6 Rd6 41. a7 Ra6 42. a8=Q Rxa8 43. Qxa8 Qd2 44. Qe4 Qd8 45. Qe5+ Kg8 46. Rd1 Qc8 47. g4 Ne7 48. Qd6 Nd5 49. Bxd5 exd5 50. h3 Qc2 51. Qxd5 Qe2 52. Qd8+ Kg7 53. Qd3 Qf3 54. e4 Qf4 55. Qe3 Qe5 56. Qd4 1-0